 Dungeon Crawl Stone Soup version 0.22-a0-422-g9628fc8 (webtiles) character file.

241639 Firecrotchwizard the Warrior (level 19, -3/115 HPs)
             Began as a Vine Stalker Fighter on May 23, 2018.
             Was the Champion of Ru.
             Slain by an ice dragon simulacrum (25 damage)
             ... led by a necromancer
             ... on level 1 of the Vaults.
             The game lasted 01:34:34 (29668 turns).

Firecrotchwizard the Warrior (VSFi)                Turns: 29668, Time: 01:34:34

Health: -3/115     AC: 29    Str: 27    XL:     19   Next: 36%
Magic:  0/20       EV: 14    Int:  8    God:    Ru [******]
Gold:   2531       SH: 17    Dex: 12    Spells: 18/18 levels left

rFire    . . .     SeeInvis .     - Unarmed
rCold    . . .     Gourm    .   b - +0 shield
rNeg     . . .     Faith    .   y - +2 plate armour {MR+}
rPois    .         Spirit   +   r - +2 helmet
rElec    .         Reflect  +   N - +0 cloak
rCorr    .         Harm     .   x - +2 pair of gloves
MR       +++..                  h - +2 pair of boots
Stlth    ..........             M - +3 amulet of reflection
HPRegen  1.09/turn              K - +4 ring of evasion
MPRegen  0.17/turn              P - +6 ring of slaying

@: marked, no potions, no scrolls
A: fangs 3, clumsy 1, regeneration 2, magic shield, antimagic bite, no potion
heal 3, rot immunity, inability to drink while threatened, inability to read
while threatened, no stealth, inability to use devices, no charms magic, no ice
magic, no necromancy magic
}: 2/15 runes: serpentine, barnacled
a: Draw Out Power, Power Leap, Apocalypse, Renounce Religion


You were on level 1 of the Vaults.
You worshipped Ru.
Ru was exalted by your worship.
You were not hungry.

You visited 8 branches of the dungeon, and saw 33 of its levels.

You collected 4783 gold pieces.
You spent 2252 gold pieces at shops.

Inventory:

Missiles
 e - 7 throwing nets {=f, !d}
Armour
 b - a +0 shield (worn)
 h - a +2 pair of boots (worn)
   (You found it on level 1 of the Dungeon)
 r - a +2 helmet (worn)
   (You found it on level 4 of the Lair of Beasts)
 x - a +2 pair of gloves (worn)
   (You found it on level 4 of the Dungeon)
 y - a +2 plate armour of magic resistance (worn)
   (You took it off an orc warrior on level 2 of the Orcish Mines)
 E - +2 fire dragon scales
   (You acquired it on level 1 of the Snake Pit)
 N - a +0 cloak (worn)
   (You found it on level 9 of the Dungeon)
Jewellery
 k - an uncursed ring of see invisible {sInv, !d}
   (You took it off an orc on level 4 of the Dungeon)
 n - an uncursed ring of poison resistance {unknown}
   (You took it off an ogre mage on level 1 of the Vaults)
 t - an uncursed ring of ice {rC+, rF-}
   (You found it on level 1 of the Shoals)
 F - an uncursed ring of positive energy {rN+}
   (You found it on level 3 of the Shoals)
 H - the ring "Olosch" {rElec rF+ Int+4}
   (You found it on level 4 of the Shoals)

   [ring of protection from fire]

   It affects your intelligence (+4).
   It protects you from fire.
   It insulates you from electricity.
 K - a +4 ring of evasion (left hand)
   (You took it off an orc on level 9 of the Dungeon)
 M - a +3 amulet of reflection (around neck)
   (You found it on level 9 of the Dungeon)
 P - a +6 ring of slaying (right hand)
   (You bought it in a shop on level 6 of the Dungeon)
 Q - an uncursed ring of protection from magic {MR+, !d}
   (You found it on level 4 of the Snake Pit)
 R - an uncursed ring of resist corrosion
   (You found it on level 2 of the Lair of Beasts)
Scrolls
 a - 3 scrolls of fog
 f - 11 scrolls of amnesia
 g - 9 scrolls of fear
 i - 20 scrolls of identify
 u - 4 scrolls of immolation {!r}
 v - 3 scrolls of magic mapping {!r}
 w - 2 scrolls of blinking {!r}
 z - 9 scrolls of remove curse
 G - 14 scrolls of teleportation
Potions
 c - 5 potions of might
 l - 4 potions of resistance
 m - 9 potions of curing
 o - 3 potions of haste
 p - 2 potions of mutation {!q}
 q - 4 potions of lignification {!q}
 s - 3 potions of agility
 A - 2 potions of brilliance
 B - a potion of ambrosia
 C - a potion of cancellation
 D - a potion of magic
 J - a potion of invisibility
 L - a potion of berserk rage {!q}
 S - 6 potions of flight
Comestibles
 d - 56 rations {@e1}
 j - 9 chunks of flesh {@w0}


   Skills:
 + Level 18.6 Fighting
 - Level 12.4 Armour
 + Level 5.7 Dodging
 - Level 15.0 Shields
 + Level 15.3 Unarmed Combat


You had 18 spell levels left.
You didn't know any spells.
Your spell library contained the following spells:

 Spells                   Type           Power        Failure   Level  Hunger
 Fireball                 Conj/Fire      #.........   100%        5    ######.
 Apportation              Tloc           #.....       97%         1    ##.....
 Conjure Flame            Conj/Fire      #.......     100%        3    ####...
 Lightning Bolt           Conj/Air       #.........   100%        5    ######.
 Slow                     Hex            #.......     99%         2    ###....
 Confuse                  Hex            #.......     100%        3    ####...
 Throw Flame              Conj/Fire      #.....       99%         2    ###....
 Throw Frost              Conj/Ice       #.....       99%         2    ###....
 Mephitic Cloud           Conj/Pois/Air  #.......     100%        3    ####...
 Venom Bolt               Conj/Pois      #.........   100%        5    ######.
 Olgreb's Toxic Radiance  Pois           #.......     100%        4    #####..
 Death's Door             Chrm/Necr      #.........   100%        8    #######
 Summon Small Mammal      Summ           #...         97%         1    ##.....
 Animate Dead             Necr           N/A          100%        4    #####..
 Animate Skeleton         Necr           N/A          97%         1    ##.....
 Haunt                    Necr/Summ      #.........   100%        7    #######
 Borgnjor's Revivificati  Necr           #.........   100%        8    #######
 Freeze                   Ice            #...         97%         1    ##.....
 Sticky Flame             Conj/Fire      #.......     100%        4    #####..
 Summon Ice Beast         Ice/Summ       #.......     100%        4    #####..
 Ozocubu's Armour         Chrm/Ice       #.......     100%        3    ####...
 Call Imp                 Summ           #.......     99%         2    ###....
 Regeneration             Chrm/Necr      #.........   100%        3    ####...
 Sting                    Conj/Pois      #...         97%         1    ##.....
 Summon Demon             Summ           #.........   100%        5    ######.
 Recall                   Summ/Tloc      N/A          100%        3    ####...
 Statue Form              Tmut/Erth      #........    100%        6    #######
 Dragon Form              Tmut           #.........   100%        7    #######
 Necromutation            Tmut/Necr      #.........   100%        8    #######
 Death Channel            Necr           #.........   100%        6    #######
 Throw Icicle             Conj/Ice       #.......     100%        4    #####..
 Shadow Creatures         Summ           N/A          100%        6    #######
 Confusing Touch          Hex            #.....       97%         1    ##.....
 Flame Tongue             Conj/Fire      #....        97%         1    ##.....
 Call Canine Familiar     Summ           #.......     100%        3    ####...
 Metabolic Englaciation   Hex/Ice        #.........   100%        5    ######.
 Shatter                  Erth           #.........   100%        9    #######
 Static Discharge         Conj/Air       #.......     100%        3    ####...
 Simulacrum               Ice/Necr       #.........   100%        6    #######
 Petrify                  Tmut/Erth      #.......     100%        4    #####..
 Tornado                  Air            #.........   100%        9    #######
 Shroud of Golubria       Chrm/Tloc      #.........   99%         2    ###....
 Inner Flame              Hex/Fire       #.......     100%        3    ####...
 Aura of Abjuration       Summ           #.........   100%        5    ######.
 Dazzling Spray           Conj/Hex       #.....       100%        3    ####...
 Infusion                 Chrm           #...         97%         1    ##.....
 Song of Slaying          Chrm           #.......     99%         2    ###....
 Spectral Weapon          Hex/Chrm       #.......     100%        3    ####...
 Discord                  Hex            #.........   100%        8    #######
 Summon Forest            Summ/Tloc      #.........   100%        5    ######.
 Summon Lightning Spire   Summ/Air       #.......     100%        4    #####..
 Summon Guardian Golem    Hex/Summ       #.......     100%        3    ####...
 Summon Mana Viper        Hex/Summ       #.......     100%        5    ######.
 Hydra Form               Tmut           #.........   100%        6    #######
 Irradiate                Conj/Tmut      #.........   100%        5    ######.
 Gell's Gravitas          Tloc           #.........   100%        3    ####...
 Yara's Violent Unravell  Hex/Tmut       #.........   100%        5    ######.
 Infestation              Necr           #.........   100%        8    #######
 Poisonous Vapours        Pois/Air       #.....       99%         2    ###....
 Ignition                 Fire           #.........   100%        8    #######
 Borgnjor's Vile Clutch   Necr/Erth      #.........   100%        5    ######.


Dungeon Overview and Level Annotations

Branches:
Dungeon (14/15)            Temple (1/1) D:7            Lair (6/6) D:10
 Shoals (4/4) Lair:4        Snake (4/4) Lair:3        Slime (0/5) Lair:5
    Orc (2/2) D:9             Elf (1/3) Orc:2        Vaults (1/5) D:14

Altars:
Ashenzari
Cheibriados
Dithmenos
Elyvilon
Fedhas
Gozag
Hepliaklqana
Kikubaaqudgha
Makhleb
Nemelex Xobeh
Okawaru
Qazlal
Ru
Sif Muna
Trog
Uskayaw
Vehumet
Wu Jian
Xom
Yredelemnul
Zin
The Shining One

Shops:
D:6 (=(?   D:9 [(   Orc:2 }!(?

Portals:
Pandemonium: Orc:2

Annotations:
Snake:4 willcat's ghost, adept HOFi


Innate Abilities, Weirdness & Mutations

You have razor-sharp teeth.
You are clumsy. (Dex -2)
You heal very quickly.
When hurt, damage is shared between your health and your magic reserves.
Your bite disrupts and absorbs the magic of your enemies.
Potions cannot restore your health.
You are immune to rotting.
You cannot drink potions while threatened.
You cannot read scrolls while threatened.
You cannot be stealthy.
You cannot study or use magical devices.
You cannot study or cast Charms magic.
You cannot study or cast Ice magic.
You cannot study or cast Necromancy magic.


Message History

You squash the brown ugly thing like an ant!!!
You kill the brown ugly thing!
The ice dragon simulacrum bites you but does no damage.
You block the ice dragon simulacrum's attack. x2
You regained 2 hp, and now have 99/115 hp.
You punch the red ugly thing!
You block the tengu reaver skeleton's attack. x2
The tengu reaver skeleton claws you but does no damage.
You punch the red ugly thing! Your bite misses the red ugly thing.
The ice dragon simulacrum bites you but does no damage.
The ice dragon simulacrum misses you.
The ice dragon simulacrum tramples you but does no damage.
The red ugly thing is stunned by your will and fails to attack.
The vault sentinel blows a loud note on a signal horn!
You hear a howl! x2
You pummel the red ugly thing!! Your bite misses the red ugly thing.
The tengu reaver skeleton is stunned by your will and fails to attack.
The cyan ugly thing pecks you but does no damage.
You block the ice dragon simulacrum's attack. x3
You beat the red ugly thing into a bloody pulp!!!
You kill the red ugly thing!
The vault sentinel gestures at you while chanting.
You resist with some effort. You block the cyan ugly thing's attack.
The tengu reaver skeleton hits you but does no damage.
The tengu reaver skeleton closely misses you.
You block the tengu reaver skeleton's attack.
You punch the cyan ugly thing!
The vault sentinel casts a spell at you.
A sentinel's mark forms upon you. The ice dragon simulacrum bites you.
The ice dragon simulacrum freezes you!
You feel threatened and lose the ability to read scrolls!
You feel threatened and lose the ability to drink potions!
You hear a howl!
You block the ice dragon simulacrum's attack.
The ice dragon simulacrum tramples you but does no damage.
You take 17 damage, and have 85/115 hp.
You now have 18/20 mp.
You completely miss the cyan ugly thing.
Your bite misses the cyan ugly thing. The cyan ugly thing barely misses you.
The tengu reaver skeleton hits you but does no damage.
You block the tengu reaver skeleton's attack.
The tengu reaver skeleton claws you but does no damage.
You hit the cyan ugly thing. You bite the cyan ugly thing. You drain its power.
You feel invigorated.
The vault sentinel blows a loud note on a signal horn!
The ice dragon simulacrum bites you but does no damage.
The ice dragon simulacrum claws you. The ice dragon simulacrum freezes you!
You block the ice dragon simulacrum's attack.
The cyan ugly thing barely misses you.
You take 14 damage, and have 72/115 hp.
You now have 16/20 mp.
You are too injured to fight recklessly!
You are too injured to fight recklessly!
You are too injured to fight recklessly!
You are too injured to fight recklessly!
You hit the cyan ugly thing.
You redirect the vault sentinel's attack!
You block the tengu reaver skeleton's attack.
The tengu reaver skeleton misses you.
The tengu reaver skeleton barely misses you.
The cyan ugly thing closely misses you. The ice dragon simulacrum bites you.
The ice dragon simulacrum freezes you!
The ice dragon simulacrum barely misses you. x2
You take 14 damage, and have 58/115 hp.
You now have 13/20 mp.
You barely miss the cyan ugly thing. You bite the cyan ugly thing!
You drain its power.
You feel invigorated. You block the vault sentinel's attack.
You regained 5 mp, and now have 18/20 mp.
You hit the vault sentinel. You bite the vault sentinel!
The vault sentinel's magic leaks into the air.
You drain its magic.
You feel invigorated.
You redirect the cyan ugly thing's attack!
The cyan ugly thing pecks the frost giant skeleton!
The cyan ugly thing shocks the frost giant skeleton!
You block the tengu reaver skeleton's attack.
The tengu reaver skeleton misses you.
The tengu reaver skeleton closely misses you.
The ice dragon simulacrum bites you. The ice dragon simulacrum freezes you!
The ice dragon simulacrum claws you. The ice dragon simulacrum freezes you!!
* * * LOW HITPOINT WARNING * * *
You block the ice dragon simulacrum's attack.
You take 38 damage, and have 21/115 hp.
MASSIVE DAMAGE!!
You now have 6/20 mp.
You pummel the vault sentinel!! The vault sentinel barely misses you.
The cyan ugly thing misses you.
You block the tengu reaver skeleton's attack. x3
You barely miss the vault sentinel.
You block the ice dragon simulacrum's attack.
The ice dragon simulacrum claws you but does no damage.
The ice dragon simulacrum closely misses you.
You hit the vault sentinel.
You kill the vault sentinel!
The cyan ugly thing barely misses you.
The tengu reaver skeleton hits you but does no damage.
The tengu reaver skeleton pecks you but does no damage.
You block the tengu reaver skeleton's attack.
You punch the cyan ugly thing! Your bite misses the cyan ugly thing.
The ice dragon simulacrum bites you.
* * * LOW HITPOINT WARNING * * *
The ice dragon simulacrum freezes you!!
You die...

##############
.......#.....#
.......#.....#
.......#.....#
.......#.....#########
.......#)....#..#....#..
######'#.....#..)u...'..
....)).'.....'..@ZZ..'..
.....#'#######..#Z...#..
.....#.......#########
.....#.......#
.....#.......#
.....#.......#
.....#.......#
##############


You could see a cyan ugly thing, an ice dragon simulacrum, a frost giant
skeleton and a tengu reaver skeleton.

Vanquished Creatures
  Jorgrun (Snake:3)
  Gastronok (Lair:1)
  Polyphemus (Shoals:2)
  Agnes (Snake:2)
  Roxanne (Snake:4)
  6 nagarajas (Snake:4)
  Kirke (Shoals:2)
  Ilsuiw (Shoals:4)
  Aizul (Shoals:1)
  An orc warlord (D:9)
  2 ironheart preservers (Vaults:1)
  A deep elf elementalist (Elf:1)
  A stone giant (Orc:2)
  Azrael (Elf:1)
  2 merfolk javelineers
  Snorg (Orc:2)
  2 yaktaur captains (Vaults:1)
  6 merfolk impalers
  A great orb of eyes (Vaults:1)
  An ice dragon (Vaults:1)
  2 hydras
  Erica (D:10)
  Harold (D:10)
  9 naga warriors
  4 merfolk aquamancers (Shoals:4)
  4 merfolk avatars
  2 ogre magi (Vaults:1)
  7 anacondas
  5 centaur warriors
  5 two-headed ogres
  An alligator snapping turtle (Shoals:1)
  3 catoblepae
  2 satyrs (Shoals:3)
  6 death yaks
  3 shock serpents
  12 naga sharpshooters
  7 orc high priests (Orc:2)
  A salamander mystic (Snake:4)
  A sixfirhy (Orc:2)
  8 naga ritualists
  A flayed ghost (Vaults:1)
  2 unseen horrors (D:14)
  2 torturous demonspawn (Orc:2)
  18 sea snakes
  A wizard (Vaults:1)
  A glowing orange brain (Vaults:1)
  2 ironbrand convokers (Vaults:1)
  33 harpies
  6 orc knights
  An infernal demonspawn (Orc:2)
  A necromancer (Vaults:1)
  5 mana vipers
  6 orc sorcerers
  An oklob plant (Lair:2)
  A wolf spider (Vaults:1)
  A deep elf mage (Elf:1)
  2 cyclopes
  3 salamanders
  17 fauns
  14 manticores
  23 ugly things
  11 merfolk sirens
  7 elephants
  3 guardian serpents
  19 naga magi
  5 water nymphs
  A centaur zombie (D:14)
  A rust devil (Orc:2)
  An orange demon (Orc:2)
  An eye of devastation (Lair:5)
  A smoke demon (Orc:2)
  22 spiny frogs
  38 black mambas
  2 torpor snails (Lair:2)
  A vault sentinel (Vaults:1)
  The ghost of Heh the Skirmisher, a novice OpFi of Ashenzari (D:5)
  A gargoyle (D:13)
  10 komodo dragons
  3 rime drakes
  2 yaktaurs (Vaults:1)
  A hellwing (Orc:2)
  A queen bee (Lair:4)
  2 polar bears
  5 tyrant leeches (Lair:6)
  A queen bee (shapeshifter) (Vaults:1)
  4 trolls
  8 wind drakes
  3 hornets
  3 meliai (Lair:4)
  25 merfolk
  4 dream sheep
  10 slime creatures
  15 hippogriffs
  11 blink frogs
  12 snapping turtles
  A vampire (D:9)
  Sigmund (D:6)
  2 shadows
  2 spriggans (Lair:2)
  3 hogs (Shoals:2)
  An air elemental (Orc:2)
  27 yaks
  3 wyverns
  2 water elementals
  2 wraiths
  2 basilisks
  A fire elemental (Orc:2)
  A hungry ghost (D:12)
  16 humans (D:14)
  9 vampire mosquitoes
  4 wargs
  2 steam dragons
  33 nagas
  A hell hound (Elf:1)
  An acid dragon (Vaults:1)
  18 water moccasins
  8 porcupines
  2 swamp drakes (Lair:6)
  30 orc warriors
  2 eyes of draining
  2 ice beasts (D:11)
  5 phantoms
  2 sky beasts
  17 ogres
  2 black bears
  14 wolves
  14 crocodiles
  4 centaurs
  A big kobold (D:7)
  26 bullfrogs
  2 wyvern zombies
  A yaktaur skeleton (Vaults:1)
  A wyvern skeleton (D:10)
  35 killer bees
  2 scorpions
  8 wights
  5 electric eels (Snake:3)
  3 howler monkeys
  A vampire bat (Lair:1)
  4 crimson imps
  5 hounds
  5 jellies (Lair:2)
  4 centaur skeletons
  3 bullfrog skeletons
  A gnoll shaman (Orc:2)
  14 orc priests
  20 orc wizards
  6 iguanas
  12 worker ants
  3 hound skeletons
  7 gnolls
  17 adders
  A howler monkey skeleton (D:4)
  A river rat (Lair:4)
  2 shadow imps
  12 white imps (Lair:3)
  15 oozes
  An adder skeleton (D:5)
  5 worms
  A dart slug (D:2)
  10 leopard geckos
  79 orcs
  A ball python (Lair:3)
  14 bats
  6 giant cockroaches
  10 goblins
  5 hobgoblins (D:1)
  20 jackals
  17 kobolds
  7 quokkas
  5 frilled lizards
  A leopard gecko zombie (D:8)
  7 rats
  14 plants
1147 creatures vanquished.

Vanquished Creatures (others)
  A merfolk javelineer (Shoals:4)
  A merfolk impaler (Shoals:4)
  A hydra (D:11)
  A satyr (Shoals:2)
  An anaconda (Snake:1)
  3 naga sharpshooters
  A shock serpent (Snake:3)
  4 deep elf magi (Elf:1)
  An orc knight (Orc:2)
  2 harpies (Shoals:4)
  3 fauns (Shoals:3)
  A cyclops (Shoals:4)
  A black mamba (Snake:3)
  A yaktaur (Vaults:1)
  A merfolk (Shoals:1)
  4 nagas
  An orc warrior (Orc:2)
  An ogre (Vaults:1)
  A centaur (D:10)
  A killer bee (Lair:4)
  An orc priest (Orc:2)
  2 orcs
  A kobold (D:7)
  8 fungi
  50 plants
  3 tentacles (Shoals:4)
96 creatures vanquished.

Grand Total: 1243 creatures vanquished

Notes
Turn   | Place    | Note
-------+----------+-------------------------------------------
     0 | D:1      | Firecrotchwizard the Vine Stalker Fighter began the quest for the Orb.
     0 | D:1      | Reached XP level 1. HP: 11/11 MP: 2/2
   127 | D:1      | Reached XP level 2. HP: 14/16 MP: 3/3
   312 | D:1      | Reached skill level 3 in Fighting
   432 | D:1      | Reached skill level 3 in Unarmed Combat
   445 | D:1      | Reached XP level 3. HP: 20/20 MP: 4/4
   983 | D:2      | Gained mutation: Your natural rate of healing is unusually fast. [Vine Stalker growth]
   983 | D:2      | Reached XP level 4. HP: 18/24 MP: 2/5
  1066 | D:2      | Found a glowing golden altar of the Shining One.
  1130 | D:2      | Found a stormy altar of Qazlal.
  1162 | D:2      | Reached skill level 4 in Unarmed Combat
  1673 | D:3      | Reached XP level 5. HP: 28/28 MP: 6/6
  1746 | D:3      | Found a basalt altar of Yredelemnul.
  2360 | D:4      | Reached skill level 5 in Unarmed Combat
  2405 | D:4      | Reached skill level 4 in Fighting
  2405 | D:4      | Reached XP level 6. HP: 30/33 MP: 7/7
  2422 | D:4      | Noticed a phantom
  2436 | D:4      | Noticed a phantom
  2574 | D:4      | Got a translucent scale mail
  2585 | D:4      | Identified the +4 scale mail of Cyuplihe {rF+ rCorr} (You found it on level 4 of the Dungeon)
  2633 | D:3      | Killed a phantom
  2678 | D:3      | Killed a phantom
  2678 | D:3      | Reached skill level 6 in Unarmed Combat
  2678 | D:3      | Reached XP level 7. HP: 32/38 MP: 8/8
  2847 | D:4      | Found a blossoming altar of Fedhas.
  2864 | D:4      | Got a twisted hunting sling
  2900 | D:4      | Found a radiant altar of Vehumet.
  3217 | D:5      | Entered Level 5 of the Dungeon
  3317 | D:5      | Noticed Heh's ghost (novice OpFi)
  3381 | D:5      | Reached skill level 5 in Fighting
  3409 | D:5      | Reached skill level 7 in Unarmed Combat
  3501 | D:5      | Killed Heh's ghost
  3501 | D:5      | Gained mutation: You have razor-sharp teeth. [Vine Stalker growth]
  3501 | D:5      | Reached XP level 8. HP: 43/44 MP: 7/9
  3591 | D:5      | Found a hide-covered altar of Uskayaw.
  3622 | D:5      | Got a shimmering halberd
  3715 | D:5      | Found a shimmering altar of Xom.
  3804 | D:6      | Found Vaebbax's Jewellery Shoppe.
  3823 | D:5      | Reached skill level 8 in Unarmed Combat
  3980 | D:6      | Found Jajoasy's Magic Scroll Emporium.
  3991 | D:6      | Bought a +2 ring of evasion for 130 gold pieces
  3991 | D:6      | Bought a +2 amulet of reflection for 97 gold pieces
  4028 | D:6      | Reached skill level 6 in Fighting
  4045 | D:5      | HP: 9/44 [ogre/giant club (5)]
  4153 | D:6      | Found Cyshrei's Antique Weapon Shop.
  4175 | D:6      | Bought a scroll of teleportation for 36 gold pieces
  4239 | D:6      | Reached skill level 9 in Unarmed Combat
  4377 | D:6      | Found Ocow's Antique Weapon Shop.
  4390 | D:6      | Noticed Sigmund
  4402 | D:6      | Killed Sigmund
  4402 | D:6      | Reached XP level 9. HP: 37/49 MP: 8/10
  4821 | D:7      | Reached skill level 10 in Unarmed Combat
  4949 | D:7      | Found a staircase to the Ecumenical Temple.
  4964 | D:7      | Reached skill level 7 in Fighting
  4983 | Temple   | Entered the Ecumenical Temple
  5106 | Temple   | Became a worshipper of Ru the Awakened
  5750 | D:8      | Found an opulent altar of Gozag.
  5899 | D:8      | Reached skill level 11 in Unarmed Combat
  5967 | D:8      | Found an ornate altar of the Wu Jian Council.
  6163 | D:8      | Found a glowing silver altar of Zin.
  6203 | D:8      | Noticed a two-headed ogre
  6243 | D:8      | Killed a two-headed ogre
  6243 | D:8      | Reached skill level 8 in Fighting
  6243 | D:8      | Reached XP level 10. HP: 32/56 MP: 9/11
  6419 | D:8      | Gained mutation: You cannot read scrolls while threatened. [Ru sacrifice]
  6419 | D:8      | Reached * piety under Ru
  6499 | D:8      | Reached skill level 3 in Shields
  6544 | D:9      | Found a sparkling altar of Nemelex Xobeh.
  6599 | D:9      | Reached skill level 3 in Armour
  6674 | D:9      | Found an iron altar of Okawaru.
  6704 | D:9      | Found a hazy altar of Hepliaklqana.
  6708 | D:9      | Found a staircase to the Orcish Mines.
  6708 | D:9      | Found Yntiq's Armour Emporium.
  6712 | D:9      | Found Yci Ypp's Weapon Emporium.
  6967 | D:9      | Reached skill level 4 in Shields
  7023 | D:9      | Reached skill level 4 in Armour
  7053 | D:9      | Reached skill level 9 in Fighting
  7584 | D:10     | Entered Level 10 of the Dungeon
  7681 | D:10     | Noticed Erica
  7710 | D:10     | Noticed a brown ugly thing
  7719 | D:10     | Killed a brown ugly thing
  7719 | D:10     | Reached skill level 5 in Shields
  7719 | D:10     | Reached XP level 11. HP: 57/62 MP: 12/12
  7730 | D:10     | Killed Erica
  7776 | D:10     | Noticed a centaur warrior
  7784 | D:10     | Killed a centaur warrior
  7784 | D:10     | Reached skill level 5 in Armour
  7793 | D:10     | Gained mutation: You cannot study or use magical devices. [Ru sacrifice]
  7793 | D:10     | Reached ** piety under Ru
  7793 | D:10     | Reached *** piety under Ru
  7799 | D:10     | Found a staircase to the Lair.
  7882 | D:10     | Found a sacrificial altar of Ru.
  7894 | D:10     | Noticed Harold
  7916 | D:10     | Killed Harold
  7916 | D:10     | Reached skill level 6 in Shields
  8246 | Lair:1   | Entered Level 1 of the Lair of Beasts
  8363 | Lair:1   | Reached skill level 10 in Fighting
  8499 | Lair:1   | Noticed Gastronok
  8537 | Lair:1   | Killed Gastronok
  8537 | Lair:1   | Reached skill level 6 in Armour
  8537 | Lair:1   | Reached skill level 7 in Shields
  8732 | Lair:1   | Identified a scroll of acquirement
  9092 | Lair:2   | Noticed a death yak
  9104 | Lair:1   | Killed a death yak
  9104 | Lair:1   | Gained mutation: You heal very quickly. [Vine Stalker growth]
  9104 | Lair:1   | Reached XP level 12. HP: 49/68 MP: 13/13
  9412 | Lair:2   | Reached skill level 7 in Armour
  9586 | D:6      | Bought a +6 ring of slaying for 1869 gold pieces
  9761 | Lair:2   | Gained mutation: You cannot be stealthy. [Ru sacrifice]
  9761 | Lair:2   | Reached **** piety under Ru
  9824 | Lair:2   | Reached skill level 8 in Shields
  9959 | Lair:2   | Reached skill level 11 in Fighting
 10074 | Lair:2   | Noticed a death yak
 10085 | Lair:2   | Killed a death yak
 10589 | Lair:3   | Reached skill level 8 in Armour
 10610 | Lair:3   | Reached skill level 9 in Shields
 10703 | Lair:3   | Reached XP level 13. HP: 67/74 MP: 12/14
 10754 | Lair:3   | Found a staircase to the Snake Pit.
 11012 | Lair:3   | Found a frozen archway.
 11139 | Lair:3   | Gained mutation: You cannot study or cast Ice magic. [Ru sacrifice]
 11139 | Lair:3   | Gained mutation: You cannot study or cast Necromancy magic. [Ru sacrifice]
 11139 | Lair:3   | Gained mutation: You cannot study or cast Charms magic. [Ru sacrifice]
 11139 | Lair:3   | Reached ***** piety under Ru
 11673 | Lair:4   | Reached skill level 12 in Fighting
 11850 | Lair:4   | Reached skill level 9 in Armour
 11878 | Lair:4   | Got a fine rapier
 11977 | Lair:4   | Reached skill level 10 in Shields
 12258 | Lair:4   | Found a staircase to the Shoals.
 12663 | Lair:5   | Found a staircase to the Slime Pits.
 13132 | Lair:6   | Entered Level 6 of the Lair of Beasts
 13216 | Lair:5   | Reached XP level 14. HP: 43/81 MP: 15/15
 13405 | Lair:6   | Reached skill level 10 in Armour
 13505 | Lair:6   | Reached skill level 13 in Fighting
 13506 | Lair:6   | Reached skill level 11 in Shields
 13651 | Lair:6   | Got a bloodstained spear
 13793 | Lair:6   | Got a warped granite ring
 13807 | Lair:6   | Identified the ring "Aloeniqo" {MP+9 Int+3} (You found it on level 6 of the Lair of Beasts)
 16109 | D:13     | Reached skill level 12 in Shields
 16969 | D:14     | Found a gate to the Vaults.
 16972 | D:14     | Reached XP level 15. HP: 85/87 MP: 16/16
 17273 | D:14     | Reached skill level 14 in Fighting
 17273 | D:14     | Reached skill level 13 in Shields
 17596 | Orc:1    | Entered Level 1 of the Orcish Mines
 17598 | Orc:1    | Noticed an orc warlord
 17748 | D:9      | Killed an orc warlord
 18057 | Orc:2    | Entered Level 2 of the Orcish Mines
 18088 | Orc:2    | Found a bloodstained altar of Trog.
 18323 | Orc:2    | Found Uceucimn's Magic Scroll Shoppe.
 18362 | Orc:2    | Found Roopny's Distillery.
 18434 | Orc:2    | Bought a potion of haste for 120 gold pieces
 18592 | Orc:2    | HP: 17/88 [torturous demonspawn/demon blade of venom (8)]
 18596 | Orc:2    | Reached skill level 14 in Shields
 18597 | Orc:2    | HP: 7/88 [torturous demonspawn's spines (5)]
 18745 | Orc:2    | Found Fotha's Gadget Boutique.
 18745 | Orc:2    | Found Plog's Antique Weapon Shop.
 18746 | Orc:2    | Found a one-way gate leading to the halls of Pandemonium.
 18819 | Orc:2    | Found a staircase to the Elven Halls.
 18854 | Orc:2    | Noticed Snorg
 18864 | Orc:2    | Killed Snorg
 19462 | Shoals:1 | Entered Level 1 of the Shoals
 19490 | Shoals:1 | HP: 12/88 [alligator snapping turtle (15)]
 19497 | Shoals:1 | HP: 10/88 [alligator snapping turtle (4)]
 19502 | Shoals:1 | HP: 10/88 [alligator snapping turtle (4)]
 19953 | Shoals:1 | Reached XP level 16. HP: 84/93 MP: 14/17
 20377 | Shoals:2 | HP: 23/93 [harpy (6)]
 20546 | Shoals:2 | Noticed Aizul
 20565 | Shoals:1 | Killed Aizul
 20641 | Shoals:2 | Reached skill level 15 in Shields
 20668 | Shoals:2 | Reached skill level 15 in Fighting
 20754 | Shoals:2 | Noticed Polyphemus
 20860 | Shoals:2 | Killed Polyphemus
 21278 | Shoals:2 | Reached skill level 16 in Fighting
 21651 | Shoals:2 | Noticed Kirke
 21652 | Shoals:2 | Gained mutation: You are clumsy. (Dex -2) [Ru sacrifice]
 21667 | Shoals:2 | Killed Kirke
 22556 | Shoals:4 | Entered Level 4 of the Shoals
 22570 | Shoals:4 | Reached skill level 12 in Unarmed Combat
 22636 | Shoals:4 | Reached XP level 17. HP: 102/102 MP: 18/18
 23025 | Shoals:3 | Reached skill level 11 in Armour
 23029 | Shoals:3 | HP: 25/102 [poisoned by a sea snake]
 23034 | Shoals:3 | HP: 13/102 [poisoned by a sea snake]
 23039 | Shoals:3 | HP: 8/102 [poisoned by a sea snake]
 23044 | Shoals:3 | HP: 7/102 [poisoned by a sea snake]
 23049 | Shoals:3 | HP: 7/102 [poisoned by a sea snake]
 23055 | Shoals:3 | HP: 10/102 [poisoned by a sea snake]
 23062 | Shoals:3 | HP: 14/102 [poisoned by a sea snake]
 23069 | Shoals:3 | HP: 20/102 [poisoned by a sea snake]
 23324 | Shoals:4 | Noticed Ilsuiw
 23363 | Shoals:4 | HP: 23/102 [harpy (8)]
 23511 | Shoals:4 | Reached skill level 17 in Fighting
 23548 | Shoals:3 | Gained mutation: You cannot drink potions while threatened. [Ru sacrifice]
 23548 | Shoals:3 | Reached ****** piety under Ru
 24014 | Shoals:4 | Killed Ilsuiw
 24109 | Shoals:4 | Got a barnacled rune of Zot
 24150 | Shoals:4 | Reached skill level 13 in Unarmed Combat
 24152 | Shoals:4 | Got a twitching golden ring
 24186 | Shoals:4 | Noticed a kraken
 24347 | Snake:1  | Entered Level 1 of the Snake Pit
 24367 | Snake:1  | Got a scorched ring mail
 24374 | Snake:1  | Identified the ring "Olosch" {rElec rF+ Int+4} (You found it on level 4 of the Shoals)
 24375 | Snake:1  | Identified the +1 ring mail "Xyebbol" {rElec rF+ Str+3 Slay+2} (You found it on level 1 of the Snake Pit)
 25057 | Snake:2  | Noticed Agnes
 25069 | Snake:2  | Killed Agnes
 25750 | Snake:3  | Reached skill level 12 in Armour
 25770 | Snake:3  | Reached XP level 18. HP: 97/108 MP: 19/19
 26806 | Snake:4  | Entered Level 4 of the Snake Pit
 26818 | Snake:4  | Reached skill level 14 in Unarmed Combat
 26895 | Snake:4  | Noticed Roxanne
 26915 | Snake:4  | Killed Roxanne
 27035 | Snake:4  | Reached skill level 1 in Dodging
 27246 | Snake:4  | Got a steaming leather armour
 27450 | Snake:4  | Reached skill level 2 in Dodging
 27488 | Snake:4  | Reached skill level 18 in Fighting
 27498 | Snake:4  | Noticed Jorgrun
 27502 | Snake:4  | Noticed willcat's ghost (adept HOFi)
 27577 | Snake:3  | Killed Jorgrun
 27742 | Snake:4  | Reached skill level 3 in Dodging
 27927 | Snake:4  | HP: 18/109 [naga mage/poison arrow (12)]
 27932 | Snake:4  | HP: 12/109 [poisoned by a naga mage (poison arrow)]
 27937 | Snake:4  | HP: 9/109 [poisoned by a naga mage (poison arrow)]
 27946 | Snake:4  | HP: 13/109 [poisoned by a naga mage (splash of poison)]
 27954 | Snake:4  | HP: 17/109 [poisoned by a naga mage (splash of poison)]
 27960 | Snake:3  | HP: 20/109 [poisoned by a naga mage (splash of poison)]
 27966 | Snake:3  | HP: 23/109 [poisoned by a naga mage (splash of poison)]
 27972 | Snake:3  | HP: 27/109 [poisoned by a naga mage (splash of poison)]
 28312 | Snake:4  | Reached skill level 4 in Dodging
 28351 | Snake:4  | Got a serpentine rune of Zot
 28868 | Elf:1    | Entered Level 1 of the Elven Halls
 28874 | Elf:1    | Noticed Azrael
 28882 | Elf:1    | HP: 25/109 [fire elemental[Azrael] (4)]
 28888 | Elf:1    | HP: 22/109 [air elemental/tornado (3)]
 28895 | Elf:1    | HP: 14/109 [fire elemental[Azrael] (6)]
 28897 | Elf:1    | Killed Azrael
 28911 | Elf:1    | HP: 13/109 [fire elemental[Azrael] (11)]
 28917 | Orc:2    | Reached XP level 19. HP: 13/114 MP: 4/20
 29172 | Vaults:1 | Entered Level 1 of the Vaults
 29341 | Vaults:1 | Reached skill level 15 in Unarmed Combat
 29360 | Vaults:1 | Reached skill level 5 in Dodging
 29390 | Vaults:1 | Identified the Papyrus of Enthralling Weightlessness
 29395 | Vaults:1 | Got a twisted war axe
 29664 | Vaults:1 | HP: 21/115 [ice dragon simulacrum[a necromancer] (21)]
 29668 | Vaults:1 | Slain by an ice dragon simulacrum

Vault maps used:
D:1:      dpeg_arrival_pond
D:2:      nicolae_overflow_hidden_temple, lemuel_doored_altar
D:3:      yredelemnul_altar_generic, serial_park_tiny_1
D:4:      vehumet_crystals, old_standard_altar, minmay_joined_circles
D:5:      eat_drink_and_be_merry_uskayaw, kennysheep_little_box, first_ration,
          st_stairs_3
D:6:      black_bear_nest_1, serial_shops, nicolae_shop_crystal, shop, shop,
          shop, minmay_misc_feat_square, uniq_sigmund
D:7:      temple_green, nrook_mini_backslash
D:8:      old_standard_altar, zin_treasury, nicolae_overflow_crystal_walls,
          grunt_ogre_cave
D:9:      okawaru_metal_pillars_1_2, nemelex_xobeh_ov_fountains_minmay,
          lemuel_crystal_altar, orc_david_3
D:10:     lair_entry_dummy, nicolae_ru_path_of_blood, uniq_harold, uniq_erica
D:13:     nzn_motion_control
D:14:     david_vaults_3, nicolae_sextant, minmay_misc_feat_iff,
          minmay_misc_feat_hallway, hex_large
Temple:   nicolae_temple_figure_zero
Lair:1:   st_stairs_13, roderic_batcave, cheibrodos_lair_caveside_slide,
          uniq_gastronok
Lair:2:   lemuel_slime, small_statue_intersection, forest_entry_grove
Lair:3:   minmay_snake_entry_six_corridors, portal_ice_cave_entry_imps,
          serial_bayou_pond_d, beast_lair_carwin_11
Lair:4:   regret_index_tunnel_blossom, minmay_shoals_entry_hut,
          beast_lair_carwin_9, infiniplex_staircase_pool_2
Lair:5:   minmay_slime_entry_eyes, beast_lair_carwin_5
Lair:6:   minmay_lair_end_frog_pond, guppyfry_lair_drakes
Shoals:1: nicolae_shoals_seven_spires
Shoals:2: uniq_polyphemus, uniq_aizul, uniq_kirke, uniq_donald
Shoals:4: shoals_end_hangedman, shoals_ilsuiw_ice
Snake:1:  grunt_ministairs_12, spider_trap, serial_bayou_crossing
Snake:2:  st_stairs_2, corexii_hall_statues_s, uniq_agnes
Snake:3:  serial_bayou, serial_bayou_pond_d, serial_bayou_pond_b,
          serial_bayou_pond_a, serial_bayou_lagoon_b, st_stairs_1
Snake:4:  snake_pit, grunt_ministairs_7, nicolae_snake_serpentine_hallways,
          hangedman_snake_pattern, uniq_roxanne, uniq_jorgrun
Orc:2:    pf_orc_diabolical, basic_altar, uniq_snorg
Elf:1:    minmay_elf_arrival_circle, serial_shops, shop,
          hangedman_elf_disciples, uniq_azrael, uniq_asterion
Vaults:1: vaults_room_boxed, v_rooms_4, vaults_room_door_hall,
          hangedman_vaults_slither, vaults_room_large_hall, vaults_room_pools,
          vaults_room_door_hall, hangedman_vaults_nails,
          vaults_room_hangedman_quadrants, vaults_room_door_ring,
          ontoclasm_vaults_hangar

Skill      XL: |  1  2  3  4  5  6  7  8  9 10 11 12 13 14 15 16 17 18 19 |
---------------+----------------------------------------------------------+-----
Fighting       | 3 4 5 6 8 9 10 11 12 13 14 16 17 18 | 18.6
Unarmed Combat | 3 4 5 6 7 9 11 12 13 14 15 | 15.3
Shields        | 5 7 9 10 12 14 15 | 15.0
Armour         | 4 6 8 9 10 12 | 12.4
Dodging        | 4 5 |  5.7

Action                   |  1- 3 |  4- 6 |  7- 9 | 10-12 | 13-15 | 16-18 | 19-21 || total
-------------------------+-------+-------+-------+-------+-------+-------+-------++-------
Melee: Unarmed           |   128 |   210 |   287 |   549 |  1323 |  1359 |   189 ||  4045
       Bite              |    29 |    69 |    98 |   211 |   563 |   565 |    90 ||  1625
       Dagger            |       |       |    10 |       |       |       |       ||    10
Throw: Throwing net      |       |       |     1 |       |       |     1 |       ||     2
Invok: Sacrifice Words   |       |       |       |     1 |       |       |       ||     1
       Sacrifice Artific |       |       |       |     1 |       |       |       ||     1
       Sacrifice Stealth |       |       |       |     1 |       |       |       ||     1
       Reject Sacrifices |       |       |       |       |     2 |       |       ||     2
       Sacrifice Arcana  |       |       |       |       |     1 |       |       ||     1
       Draw Out Power    |       |       |       |       |     1 |     2 |       ||     3
       Apocalypse        |       |       |       |       |     1 |     3 |       ||     4
       Power Leap        |       |       |       |       |       |     3 |       ||     3
       Sacrifice Purity  |       |       |       |       |       |     1 |       ||     1
       Sacrifice Drink   |       |       |       |       |       |     1 |       ||     1
  Use: Scroll            |       |     7 |     6 |     5 |    21 |     7 |       ||    46
       Potion            |       |       |     1 |       |     1 |     9 |       ||    11
 Stab: Distracted        |       |       |       |     2 |     4 |     3 |     1 ||    10
       Invisible         |       |       |       |     1 |     8 |     8 |       ||    17
       Paralysed         |       |       |       |       |     7 |     5 |       ||    12
  Eat: Chunk             |       |     6 |    11 |    12 |    32 |    11 |     2 ||    74
       Ration            |       |       |       |     1 |       |     6 |       ||     7
Armor: Scale mail        |    11 |    12 |   120 |   144 |   236 |       |       ||   523
       Chain mail        |    42 |    48 |       |       |       |       |       ||    90
       Plate armour      |       |       |       |       |    41 |   633 |    48 ||   722
Dodge: Dodged            |    17 |    44 |    71 |   161 |   335 |   438 |    53 ||  1119
Block: Shield            |    57 |    87 |   138 |   281 |   874 |  1260 |   107 ||  2804
       Reflection        |       |       |     5 |    12 |    14 |   161 |     5 ||   197

Table legend:
 A = Spawn XP
 B = Non-spawn XP
 C = Spawn XP percentage of total XP
 D = Spawn monster count
 E = Non-spawn monster count
 F = Spawn count percentage of total count
 G = Total turns spent on level
                    A         B        C        D         E        F      G
               +---------+---------+-------+---------+---------+-------+---------
         Total |       0 |  346599 |   0.0 |       0 |    1161 |   0.0 | 29668
               +---------+---------+-------+---------+---------+-------+---------
           D:1 |       0 |      41 |   0.0 |       0 |      24 |   0.0 |   710
           D:2 |       0 |      89 |   0.0 |       0 |      18 |   0.0 |   738
           D:3 |       0 |     404 |   0.0 |       0 |      32 |   0.0 |   895
           D:4 |       0 |     345 |   0.0 |       0 |      25 |   0.0 |   925
           D:5 |       0 |     762 |   0.0 |       0 |      17 |   0.0 |   774
           D:6 |       0 |    1218 |   0.0 |       0 |      22 |   0.0 |   655
           D:7 |       0 |    1170 |   0.0 |       0 |      25 |   0.0 |   897
           D:8 |       0 |    1839 |   0.0 |       0 |      19 |   0.0 |   890
           D:9 |       0 |    4768 |   0.0 |       0 |      51 |   0.0 |  1364
          D:10 |       0 |    4659 |   0.0 |       0 |      30 |   0.0 |   671
          D:11 |       0 |    3341 |   0.0 |       0 |      32 |   0.0 |   825
          D:12 |       0 |    4447 |   0.0 |       0 |      18 |   0.0 |   756
          D:13 |       0 |    4960 |   0.0 |       0 |      11 |   0.0 |   807
          D:14 |       0 |   13750 |   0.0 |       0 |      45 |   0.0 |   937
        Lair:1 |       0 |    5418 |   0.0 |       0 |      20 |   0.0 |  1002
        Lair:2 |       0 |    9598 |   0.0 |       0 |      51 |   0.0 |  1138
        Lair:3 |       0 |    5595 |   0.0 |       0 |      43 |   0.0 |   919
        Lair:4 |       0 |   11268 |   0.0 |       0 |      67 |   0.0 |  1347
        Lair:5 |       0 |    9152 |   0.0 |       0 |      30 |   0.0 |   767
        Lair:6 |       0 |   13223 |   0.0 |       0 |      60 |   0.0 |  1078
      Shoals:1 |       0 |   14896 |   0.0 |       0 |      30 |   0.0 |  1106
      Shoals:2 |       0 |   27790 |   0.0 |       0 |      49 |   0.0 |  1063
      Shoals:3 |       0 |   25224 |   0.0 |       0 |      52 |   0.0 |  1588
      Shoals:4 |       0 |   31393 |   0.0 |       0 |      53 |   0.0 |  1005
       Snake:1 |       0 |   12619 |   0.0 |       0 |      25 |   0.0 |   783
       Snake:2 |       0 |    7472 |   0.0 |       0 |      12 |   0.0 |   457
       Snake:3 |       0 |   29379 |   0.0 |       0 |      57 |   0.0 |  1428
       Snake:4 |       0 |   42960 |   0.0 |       0 |      67 |   0.0 |  1682
         Orc:1 |       0 |    3994 |   0.0 |       0 |      25 |   0.0 |   508
         Orc:2 |       0 |   21228 |   0.0 |       0 |      88 |   0.0 |  1274
         Elf:1 |       0 |    3498 |   0.0 |       0 |       6 |   0.0 |    46
      Vaults:1 |       0 |   30099 |   0.0 |       0 |      57 |   0.0 |   496
               +---------+---------+-------+---------+---------+-------+---------

Vault maps used:
D:1:      dpeg_arrival_pond
D:2:      nicolae_overflow_hidden_temple, lemuel_doored_altar
D:3:      yredelemnul_altar_generic, serial_park_tiny_1
D:4:      vehumet_crystals, old_standard_altar, minmay_joined_circles
D:5:      eat_drink_and_be_merry_uskayaw, kennysheep_little_box, first_ration,
          st_stairs_3
D:6:      black_bear_nest_1, serial_shops, nicolae_shop_crystal, shop, shop,
          shop, minmay_misc_feat_square, uniq_sigmund
D:7:      temple_green, nrook_mini_backslash
D:8:      old_standard_altar, zin_treasury, nicolae_overflow_crystal_walls,
          grunt_ogre_cave
D:9:      okawaru_metal_pillars_1_2, nemelex_xobeh_ov_fountains_minmay,
          lemuel_crystal_altar, orc_david_3
D:10:     lair_entry_dummy, nicolae_ru_path_of_blood, uniq_harold, uniq_erica
D:13:     nzn_motion_control
D:14:     david_vaults_3, nicolae_sextant, minmay_misc_feat_iff,
          minmay_misc_feat_hallway, hex_large
Temple:   nicolae_temple_figure_zero
Lair:1:   st_stairs_13, roderic_batcave, cheibrodos_lair_caveside_slide,
          uniq_gastronok
Lair:2:   lemuel_slime, small_statue_intersection, forest_entry_grove
Lair:3:   minmay_snake_entry_six_corridors, portal_ice_cave_entry_imps,
          serial_bayou_pond_d, beast_lair_carwin_11
Lair:4:   regret_index_tunnel_blossom, minmay_shoals_entry_hut,
          beast_lair_carwin_9, infiniplex_staircase_pool_2
Lair:5:   minmay_slime_entry_eyes, beast_lair_carwin_5
Lair:6:   minmay_lair_end_frog_pond, guppyfry_lair_drakes
Shoals:1: nicolae_shoals_seven_spires
Shoals:2: uniq_polyphemus, uniq_aizul, uniq_kirke, uniq_donald
Shoals:4: shoals_end_hangedman, shoals_ilsuiw_ice
Snake:1:  grunt_ministairs_12, spider_trap, serial_bayou_crossing
Snake:2:  st_stairs_2, corexii_hall_statues_s, uniq_agnes
Snake:3:  serial_bayou, serial_bayou_pond_d, serial_bayou_pond_b,
          serial_bayou_pond_a, serial_bayou_lagoon_b, st_stairs_1
Snake:4:  snake_pit, grunt_ministairs_7, nicolae_snake_serpentine_hallways,
          hangedman_snake_pattern, uniq_roxanne, uniq_jorgrun
Orc:2:    pf_orc_diabolical, basic_altar, uniq_snorg
Elf:1:    minmay_elf_arrival_circle, serial_shops, shop,
          hangedman_elf_disciples, uniq_azrael, uniq_asterion
Vaults:1: vaults_room_boxed, v_rooms_4, vaults_room_door_hall,
          hangedman_vaults_slither, vaults_room_large_hall, vaults_room_pools,
          vaults_room_door_hall, hangedman_vaults_nails,
          vaults_room_hangedman_quadrants, vaults_room_door_ring,
          ontoclasm_vaults_hangar

Table legend:
 A = Turns spent in this place as a percentage of turns spent in the entire game.
 B = Non-inter-level travel turns spent in this place as a percentage of non-inter-level travel turns spent in the entire game.
 C = Inter-level travel turns spent in this place as a percentage of turns spent in this place.
 D = Turns resting spent in this place as a percentage of non-inter-level travel turns spent in this place.
 E = Turns spent auto-exploring this place as a percentage of non-inter-level travel turns spent in this place.
 F = Non-inter-level travel turns spent in this place divided by the number of levels of this place that you've seen.
                   A       B       C       D       E      F
               +-------+-------+-------+-------+-------+----------------------
         Total | 100.0 | 100.0 |   7.9 |  12.6 |  56.4 | 827.7
       Dungeon |  39.9 |  39.4 |   9.1 |   6.3 |  68.7 | 768.7
        Temple |   0.5 |   0.4 |  21.9 |   0.0 |  97.2 | 107.0
          Lair |  21.1 |  20.9 |   8.6 |   9.0 |  64.7 | 952.3
        Shoals |  16.1 |  16.1 |   7.7 |  24.9 |  26.2 | 1098.2
     Snake Pit |  14.7 |  15.4 |   3.4 |  21.1 |  49.0 | 1050.2
  Orcish Mines |   6.0 |   5.8 |  10.5 |  15.9 |  50.7 | 797.5
   Elven Halls |   0.2 |   0.2 |   0.0 |   0.0 |   0.0 |  46.0
        Vaults |   1.7 |   1.8 |   0.0 |   0.8 |  41.1 | 496.0
               +-------+-------+-------+-------+-------+----------------------

Table legend:
 A = Kills in this place as a percentage of kills in entire the game.
 B = Kills by you in this place as a percentage of kills by you in the entire game.
 C = Kills by friends in this place as a percentage of kills by friends in the entire game.
 D = Other kills in this place as a percentage of other kills in the entire game.
 E = Experience gained in this place as a percentage of experience gained in the entire game.
 F = Experience gained in this place divided by the number of levels of this place that you have seen.
                   A       B       C       D       E      F
               +-------+-------+-------+-------+-------+----------------------
         Total | 100.0 | 100.0 |   N/A | 100.0 | 100.0 | 10503.0
       Dungeon |  31.8 |  32.4 |   N/A |   7.1 |  12.1 | 2985.2
          Lair |  23.3 |  23.8 |   N/A |   3.6 |  15.7 | 9042.3
        Shoals |  15.8 |  15.4 |   N/A |  35.7 |  28.7 | 24825.8
     Snake Pit |  13.9 |  13.4 |   N/A |  32.1 |  26.7 | 23107.5
  Orcish Mines |   9.7 |   9.8 |   N/A |   7.1 |   7.3 | 12611.0
   Elven Halls |   0.5 |   0.4 |   N/A |   7.1 |   1.0 | 3498.0
        Vaults |   4.9 |   4.9 |   N/A |   7.1 |   8.7 | 30099.0
               +-------+-------+-------+-------+-------+----------------------
